 Dungeon Crawl Stone Soup version 0.27.1-33-g824d729ab1 (webtiles) character file.

Game seed: 16195795610773774218

32 lordive the Shooter (level 3, -7/30 HPs)
             Began as a Minotaur Hunter on Dec 27, 2021.
             Mangled by a gnoll (16 damage)
             ... on level 2 of the Dungeon.
             The game lasted 00:01:23 (790 turns).

lordive the Shooter (Minotaur Hunter)                Turns: 790, Time: 00:01:26

Health: -7/30      AC:  3    Str: 16    XL:     3   Next: 10%
Magic:  2/2        EV: 11    Int:  8    God:
Gold:   42         SH:  0    Dex: 11    Spells: 2/2 levels left

rFire    . . .     SeeInvis .   b - +0 short sword
rCold    . . .     Faith    .   (no shield)
rNeg     . . .     Spirit   .   c - +0 leather armour
rPois    .         Reflect  .   (helmet restricted)
rElec    .         Harm     .   (no cloak)
rCorr    .         Rampage  .   (no gloves)
Will     .....                  (no boots)
Stlth    +.........             (no amulet)
HPRegen  0.10/turn              (no ring)
MPRegen  0.08/turn              (no ring)

@: no status effects
A: horns 2, retaliatory headbutt
a: no special abilities


You were on level 2 of the Dungeon.
You visited 1 branch of the dungeon, and saw 2 of its levels.

You collected 42 gold pieces.

Inventory:

Hand Weapons
 a - a +1 shortbow
 b - a +0 short sword (weapon)
Armour
 c - a +0 leather armour (worn)
Scrolls
 e - a scroll of enchant weapon {unknown}
 g - a scroll of identify {unknown}
 h - a scroll of teleportation {unknown}
Potions
 f - a potion of cancellation {unknown}


   Skills:
 + Level 2.8 Fighting
 + Level 5.3 Bows
 + Level 2.2 Dodging
 + Level 0.7 Stealth


You had 2 spell levels left.
You didn't know any spells.
Your spell library was empty.

Dungeon Overview and Level Annotations

Branches:
Dungeon (2/15)

Altars:


Innate Abilities, Weirdness & Mutations

You have a pair of horns on your head.
You reflexively headbutt those who attack you in melee.


Message History

You shoot an arrow. The arrow barely misses the gnoll.
You shoot an arrow. The arrow barely misses the gnoll.
You shoot an arrow.
The arrow hits the gnoll but does no damage.
The gnoll closely misses you.
You shoot an arrow. The arrow hits the gnoll.
The gnoll is heavily wounded.
The gnoll hits you from afar with a +0 halberd!
You shoot an arrow. The arrow closely misses the gnoll.
The gnoll hits you from afar with a +0 halberd!
You are too injured to fight recklessly!
You are too injured to fight recklessly!
You are too injured to fight recklessly!
You are too injured to fight recklessly!
You are too injured to fight recklessly!
You are too injured to fight recklessly!
Fire: 2 arrows
Press: ? - help, Q - select action Shift-Dir - straight line, f/p - gnoll
Aim: a gnoll, wielding a +0 halberd (heavily wounded, 64% to hit)
You shoot an arrow. The arrow hits the gnoll.
The gnoll is almost dead.
The gnoll barely misses you.
Fire: arrow
Press: ? - help, Q - select action Shift-Dir - straight line, f/p - gnoll
Aim: a gnoll, wielding a +0 halberd (almost dead, 64% to hit)
You shoot an arrow. The arrow barely misses the gnoll.
The gnoll hits you from afar with a +0 halberd.
Unknown command.
b - a +0 short sword (weapon)
The gnoll barely misses you.
You hit the gnoll.
The gnoll is almost dead.
The gnoll closely misses you.
You barely miss the gnoll.
The gnoll is almost dead.
The gnoll hits you with a +0 halberd.
* * * LOW HITPOINT WARNING * * *
The gnoll hits you with a +0 halberd!
Ouch! That really hurt!
You die...

..#.####........#
#.# #.#.#
#........# #.#
#.#.#
##############.#
..#.#
######.......#
..#.#
........######
###.# ######..#
#..# #..# #.@#
#.g# #..# #...
..(( ##..## #.(#
##.#


You could see a gnoll.

Vanquished Creatures
  An adder (D:2)
  4 bats
  An endoplasm (D:1)
  A giant cockroach (D:2)
  A goblin (D:1)
  3 hobgoblins
  A quokka (D:1)
  3 ball pythons (D:1)
  2 frilled lizards (D:1)
  3 kobolds (D:1)
  4 rats
24 creatures vanquished.

Vanquished Creatures (others)
  23 plants (D:2)
23 creatures vanquished.

Grand Total: 47 creatures vanquished

Notes
Turn   | Place    | Note
-------+----------+-------------------------------------------
     0 | D:1      | lordive the Minotaur Hunter began the quest for the Orb.
     0 | D:1      | Reached XP level 1. HP: 18/18 MP: 0/0
   124 | D:1      | Reached XP level 2. HP: 25/25 MP: 1/1
   258 | D:1      | Reached skill level 5 in Bows
   685 | D:2      | Reached XP level 3. HP: 30/30 MP: 2/2
   790 | D:2      | Mangled by a gnoll

Illustrated notes

Levels and vault maps discovered:
D:1:      saegor_arrival_simple_e, layout_basic, hex_large
D:2:      layout_basic, basic_altar, serial_park_tiny_pond,
          serial_bayou_lagoon_a, minmay_pentomino_pile, uniq_jessica

Skill      XL: |  1  2 |
---------------+-------+-----
Bows           | 5 |  5.3
Fighting       | |  2.8
Dodging        | |  2.2
Stealth        | |  0.7

Action                   || total
-------------------------++-------
Melee: Short sword       ||     2
 Fire: Shortbow          ||    68
Armor: Leather armour    ||     3
Dodge: Dodged            ||    17
